 Dungeon Crawl Stone Soup version 0.29.1-1-gd02db6906a (webtiles) character file.

Game seed: 11449515283373687279

2781 Madoushi the Basher (level 9, -1/78 HPs)
             Began as a Minotaur Berserker on Oct 10, 2022.
             Was a Priest of Trog.
             Slain by a yak (8 damage)
             ... on level 9 of the Dungeon.
             The game lasted 00:23:07 (7955 turns).

Madoushi the Basher (Minotaur Berserker)            Turns: 7955, Time: 00:23:07

Health: -1/78      AC: 12    Str: 30    XL:     9   Next: 43%
Magic:  8/8        EV: 12    Int:  4    God:    Trog [***...]
Gold:   267        SH:  5    Dex: 10    Spells: 8/8 levels left

rFire   . . .      SeeInvis .   P - +9 spear "Ucofaul" {flame, rC+++ Will+ Str+4}
rCold   + + +      Faith    .   (no shield)
rNeg    . . .      Spirit   .   s - +0 scale mail
rPois   .          Reflect  +   (helmet restricted)
rElec   .          Harm     .   o - +2 cloak
rCorr   +          Rampage  .   d - +0 pair of gloves
Will    ++++.                   (no boots)
Stlth   ..........              C - amulet of reflection
HPRegen 1.23/turn               j - ring of resist corrosion
MPRegen 0.11/turn               p - ring of willpower

@: about to teleport, strong-willed, regenerating
A: horns 2, retaliatory headbutt
a: Renounce Religion, Berserk, Trog's Hand


You were on level 9 of the Dungeon.
You worshipped Trog.
Trog was most pleased with you.
You visited 2 branches of the dungeon, and saw 10 of its levels.

You collected 403 gold pieces.
You spent 136 gold pieces at shops.

Inventory:

Hand Weapons
 a - a +0 hand axe
 g - a +4 dagger
 q - a +4 dagger
 r - a +3 mace of protection
 w - a +3 halberd
 F - a +1 whip of electrocution
 M - a +3 trident
 O - a +2 hand axe of electrocution
 P - the +9 spear "Ucofaul" (weapon) {flame, rC+++ Will+ Str+4}
   (You found it on level 8 of the Dungeon)

   It burns those it strikes, dealing additional fire damage.
   Str:       It affects your strength (+4).
   rC:        It renders you almost immune to cold.
   Will:      It increases your willpower.
Missiles
 h - 5 throwing nets (quivered)
Armour
 c - a +0 helmet
 d - a +0 pair of gloves (worn)
 k - a +0 cloak
 o - a +2 cloak (worn)
 s - a +0 scale mail (worn)
 G - a +2 barding
 Q - an orb of mayhem
Jewellery
 j - a ring of resist corrosion (left hand)
 p - a ring of willpower (right hand)
 z - a ring of fire
 C - an amulet of reflection (around neck)
 J - a ring of see invisible
Wands
 t - a wand of paralysis (10)
 E - a wand of light (7)
Scrolls
 b - a scroll of vulnerability
 e - 4 scrolls of identify
 n - 3 scrolls of amnesia
 y - a scroll of teleportation
 A - a scroll of poison {unknown}
 B - 2 scrolls of enchant armour
 H - 2 scrolls of torment {unknown}
 I - a scroll of silence {unknown}
 K - 3 scrolls of noise
 N - a scroll of brand weapon {unknown}
 R - a scroll of fear {unknown}
Potions
 f - 3 potions of might
 i - a potion of brilliance {unknown}
 l - 3 potions of heal wounds
 m - 2 potions of invisibility
 u - 2 potions of attraction {unknown}
 v - 2 potions of flight {unknown}
 x - a potion of degeneration {unknown}
 D - 2 potions of mutation {unknown}
 L - 2 potions of cancellation {unknown}


   Skills:
 + Level 6.9 Fighting
 + Level 6.8(8.9) Axes
 + Level 8.8(9.8) Maces & Flails
 + Level 7.7 Armour
 + Level 5.2 Dodging
 + Level 2.1 Stealth
 + Level 1.3 Shields


You had 8 spell levels left.
You didn't know any spells.
Your spell library was empty.

Dungeon Overview and Level Annotations

Branches:
Dungeon (9/15)             Temple (1/1) D:5             Orc (0/2) D:9
   Lair: D:8-11

Altars:
Ashenzari
Cheibriados
Dithmenos
Elyvilon
Fedhas
Gozag
Hepliaklqana
Kikubaaqudgha
Makhleb
Nemelex Xobeh
Okawaru
Qazlal
Ru
Sif Muna
Trog
Uskayaw
Vehumet
Wu Jian
Xom
Zin
The Shining One

Shops:
D:6 *


Innate Abilities, Weirdness & Mutations

You have a pair of horns on your head.
You reflexively headbutt those who attack you in melee.


Message History

The orc warrior is lightly wounded.
The yak bellows!
The orc warrior barely misses you.
A yak comes into view.
The yak gores you!
The yak bellows!
You hit the orc warrior but do no damage.
You headbutt the orc warrior, but do no damage.
The orc warrior is lightly wounded.
The orc closely misses you. The orc warrior barely misses you.
You block the yak's attack.
You hit the orc warrior. You burn the orc warrior.
You headbutt the orc warrior.
The orc warrior is heavily wounded.
You block the orc's attack.
The orc warrior hits you with a +0 scimitar!
The yak misses you. You furiously retaliate!
You headbutt the yak.
Your skin crawls.
You feel strong-willed.
You can no longer call in reinforcements.
You block the yak's attack. The orc warrior barely misses you.
You hit the orc warrior but do no damage.
The orc warrior is heavily wounded.
The orc hits you but does no damage. The orc warrior barely misses you.
An acid dragon comes into view.
The yak gores you!
The acid dragon roars!
You hit the orc warrior. You burn the orc warrior.
You headbutt the orc warrior!
The orc warrior is almost dead.
The yak barely misses you.
The orc warrior hits you with a +0 scimitar.
The yak gores you but does no damage. The yak gores you!
* * * LOW HITPOINT WARNING * * *
As you read the scroll of teleportation, it crumbles to dust.
You feel strangely unstable. The orc warrior closely misses you.
The yak gores you!
* * * LOW HITPOINT WARNING * * *
You block the yak's attack. The yak gores you!
You die...

.......................
........................
...............>.#....##
................###...#
................<#....#
........................
.........!........[.....
...#..Y.................
..###.Y@Y...............
...#..YoYY..............
.....).o...#............
..........###...........
...........#....?....
.......D.........###
................
...............


You could see 6 yaks, an orc warrior, an acid dragon and an orc.

Vanquished Creatures
  Pikel (D:7)
  A steam dragon (D:8)
  A wyvern (D:8)
  A sky beast (D:6)
  An ogre (D:7)
  A centaur (D:6)
  2 lemures (D:7)
  A phantom (D:5)
  A kobold brigand (D:7)
  5 bullfrogs
  A scorpion (D:6)
  9 wights
  A killer bee (D:8)
  A howler monkey (D:5)
  2 hounds
  3 jellies
  A gnoll bouda (D:7)
  3 orc priests
  4 orc wizards
  5 iguanas
  4 gnolls (D:7)
  6 adders
  A shadow imp (D:8)
  3 white imps
  3 worms (D:2)
  4 dart slugs
  26 orcs
  8 ball pythons
  10 endoplasms
  4 giant cockroaches
  7 goblins
  9 hobgoblins
  16 kobolds
  2 quokkas
  3 bats
  2 frilled lizards
  4 rats
  A spectral orc (D:3)
158 creatures vanquished.

Notes
Turn   | Place    | Note
-------+----------+-------------------------------------------
     0 | D:1      | Madoushi the Minotaur Berserker began the quest for the
                  | Orb.
     0 | D:1      | Reached XP level 1. HP: 19/19 MP: 0/0
   144 | D:1      | Reached XP level 2. HP: 25/27 MP: 1/1
   182 | D:1      | Found a faded altar of an unknown god.
  1142 | D:2      | Reached XP level 3. HP: 33/33 MP: 2/2
  1414 | D:2      | Reached ** piety under Trog
  1712 | D:2      | Reached XP level 4. HP: 31/41 MP: 3/3
  1979 | D:3      | Reached skill level 5 in Axes
  2135 | D:3      | Found a hazy altar of Hepliaklqana.
  2209 | D:3      | Found a burning altar of Makhleb.
  2457 | D:3      | Found a glowing silver altar of Zin.
  2585 | D:3      | Found a shadowy altar of Dithmenos.
  2602 | D:3      | Reached XP level 5. HP: 46/47 MP: 4/4
  3141 | D:4      | Reached skill level 5 in Fighting
  3249 | D:4      | Reached skill level 1 in Stealth
  3560 | D:4      | Reached XP level 6. HP: 52/56 MP: 5/5
  3755 | D:5      | Entered Level 5 of the Dungeon
  3767 | D:5      | Found a staircase to the Ecumenical Temple.
  4014 | D:5      | Reached skill level 1 in Maces & Flails
  4147 | D:5      | Reached *** piety under Trog
  4529 | D:5      | Found a stormy altar of Qazlal.
  4602 | Temple   | Entered the Ecumenical Temple
  4841 | D:6      | Found Wuuviys's General Store.
  4852 | D:6      | Bought a potion of curing for 39 gold pieces
  5047 | D:6      | Reached skill level 2 in Maces & Flails
  5047 | D:6      | Reached XP level 7. HP: 61/61 MP: 6/6
  5262 | D:6      | Bought a scroll of enchant armour for 97 gold pieces
  5269 | D:6      | Found a blossoming altar of Fedhas.
  5277 | D:6      | Reached skill level 3 in Maces & Flails
  5357 | D:6      | Reached skill level 5 in Armour
  5594 | D:6      | Reached skill level 4 in Maces & Flails
  5594 | D:6      | Reached XP level 8. HP: 67/70 MP: 7/7
  5736 | D:7      | Noticed Pikel
  5770 | D:7      | Reached skill level 5 in Maces & Flails
  5775 | D:7      | HP: 3/69 [Pikel/+1 whip of electrocution (18)]
  5792 | D:7      | Killed Pikel
  5793 | D:7      | Reached skill level 6 in Maces & Flails
  6063 | D:7      | Reached skill level 5 in Dodging
  6152 | D:7      | Reached skill level 7 in Maces & Flails
  6395 | D:7      | Found an ornate altar of the Wu Jian Council.
  6543 | D:7      | Reached XP level 9. HP: 78/78 MP: 8/8
  7117 | D:8      | Identified the +9 spear "Ucofaul" {flame, rC+++ Will+
                  | Str+4}
  7132 | D:8      | Reached skill level 8 in Maces & Flails
  7147 | D:8      | Reached **** piety under Trog
  7797 | D:8      | Reached skill level 1 in Shields
  7925 | D:9      | Found a staircase to the Orcish Mines.
  7955 | D:9      | Slain by a yak

Illustrated notes

Levels and vault maps discovered:
D:1:      minmay_arrival_checkered_box, layout_basic,
          chequers_ecumenical_altar_simple, nicolae_titane
D:2:      layout_basic, guppyfry_early_lair_pool
D:3:      layout_basic, nicolae_dithmenos_shadow_blocks,
          mainiacjoe_overflow_24_doors, nicolae_hepliaklqana_monster_ancestors,
          mainiacjoe_overflow_boulevard
D:4:      layout_gridville
D:5:      layout_gridville, marbit_many_paths, minmay_temple_entry_wispy,
          chequers_serial_rivers_room_b
D:6:      layout_basic, kennysheep_little_box, serial_shops,
          nicolae_stop_n_shop_2
D:7:      nicolae_BIG_FREAKIN_CUBE, layout_basic, nzn_wu_jian_council_hall,
          reono_crystal_passage, minmay_misc_feat_tower, uniq_pikel
D:8:      layout_basic, st_stairs_9
D:9:      layout_big_octagon, yredelemnul_forgotten_temple_becter, orc_0_dummy,
          minmay_liquid_box, uniq_harold, uniq_grum
Temple:   dpeg_chambers_temple

Skill      XL: |  1  2  3  4  5  6  7  8  9 |
---------------+----------------------------+-----
Fighting       | 4 5 6 |  6.9
Axes           | 4 5 6 |  6.8
Dodging        | 3 4 5 |  5.2
Stealth        | 1 2 |  2.1
Maces & Flails | 2 4 7 8 |  8.8
Armour         | 3 5 7 |  7.7
Shields        | 1 |  1.3

Action                   |  1- 3 |  4- 6 |  7- 9 || total
-------------------------+-------+-------+-------++-------
Melee: Hand axe          |    92 |    90 |     3 ||   185
       Headbutt          |    10 |    30 |    40 ||    80
       Punch             |       |     1 |     2 ||     3
       Mace              |       |    43 |   194 ||   237
       Spear             |       |       |    10 ||    10
Invok: Berserk           |       |     3 |     2 ||     5
       Trog's Hand       |       |     1 |     2 ||     3
  Use: Scroll            |       |     3 |     6 ||     9
       Potion            |       |       |     2 ||     2
 Stab: Sleeping          |       |     1 |       ||     1
Armor: Animal skin       |    29 |    13 |       ||    42
       Scale mail        |       |    41 |   122 ||   163
Dodge: Dodged            |    53 |    70 |    99 ||   222
Block: Other             |       |       |    19 ||    19
